 Seeded DCSS version 0.31-a0-667-g39726597b9 (webtiles) character file.

Game seed: 8226958467842168542 (custom seed)

112 demibob the Slasher (level 4, 39/39 HPs)
             Began as a Minotaur Chaos Knight on Sept 3, 2023.
             Was a Plaything of Xom.
             Quit the game on level 2 of the Dungeon.
             The game lasted 00:02:24 (1284 turns).

demibob the Slasher (Minotaur Chaos Knight)         Turns: 1284, Time: 00:02:25

Health: 39/39      AC:  5    Str: 22    XL:     4   Next: 64%
Magic:  3/3        EV: 11    Int:  8    God:    Xom [.....*]
Gold:   86         SH:  0    Dex:  9    Spells: 3/3 levels left

rFire   . . .        a - +0 falchion (chaos)
rCold   + . .        (no shield)
rNeg    . . .        b - +2 leather armour
rPois   .            (helmet restricted)
rElec   .            (no cloak)
rCorr   .            (no gloves)
SInv    .            (no boots)
Will    .....        (no amulet)
Stlth   +            (no ring)
HPRegen 0.26/turn    (no ring)
MPRegen 0.08/turn

%: no passive effects
@: no status effects
A: horns 2, retaliatory headbutt, cold resistance 1, strong 1, MP-powered wands
a: Renounce Religion


You were on level 2 of the Dungeon.
You worshipped Xom.
You were Xom's teddy bear.
You visited 1 branch of the dungeon, and saw 2 of its levels.

You collected 86 gold pieces.


Innate Abilities, Weirdness & Mutations

You have a pair of horns on your head.
You reflexively headbutt those who attack you in melee.
Your flesh is cold resistant. (rC+)
Your muscles are strong. (Str +4, Int/Dex -1)
You expend magic power (3 MP) to strengthen your wands.


   Skills:
 - Level 3.6 Fighting
 + Level 6.6 Long Blades
 - Level 2.4 Armour
 - Level 1.1 Dodging


You had 3 spell levels left.
You didn't know any spells.
Your spell library contained the following spells:

 Spells                   Type           Power      Damage    Failure   Level
 Sandblast                Erth           0%         2d4       45%         1
 Passwall                 Tmut/Erth      0%         N/A       58%         2
 Hailstorm                Conj/Ice       0%         3d3       83%         3
 Stone Arrow              Conj/Erth      0%         3d7       83%         3
 Summon Ice Beast         Ice/Summ       0%         N/A       99%         4
 Simulacrum               Ice/Necr       0%         N/A       100%        6

Inventory:

Hand Weapons
 a - a +0 falchion of chaos (weapon)
Armour
 b - a +2 leather armour (worn)
Magical Staves
 m - a staff of earth {!a}
Scrolls
 c - a scroll of butterflies
 e - a scroll of blinking {unknown}
 h - 2 scrolls of teleportation {unknown}
 i - 2 scrolls of amnesia {unknown}
 j - 3 scrolls of identify {unknown}
 k - a scroll of acquirement
Potions
 d - a potion of heal wounds {unknown}
 f - 3 potions of curing {unknown}
 g - a potion of mutation {unknown}
 l - a potion of lignification {unknown}

Dungeon Overview and Level Annotations

Branches:
Dungeon (2/15)

Altars:

######### ##### #####
#........ #>..# #...#
#........ #.#.#
#...########........ #.#.##
#..........[........ #.#..##
#..............#..†.
#..#..####..............#####
#..##....#..............# #
#..#####.#..@÷..........# #
#...# #.###............#####
##'#+####...'............'....
#.........###............#####
#.........# ##...#########
#.........########## ########
#.........#........# #.......
#..................# #.......
###..................#
#.......


There were no monsters in sight!


Message History

A rat comes into view.
A rat is nearby!
A rat is nearby!
A rat is nearby!
You hit the rat. You burn the rat.
You kill the rat!
No target in view!
No target in view!
No target in view!
No target in view!
You open the door.
There is an open door here.
Found a stone staircase leading down.
h - 2 scrolls labelled SILELEAGOG (gained 1)
There is an open door here.
Done exploring.
Done exploring.
Done exploring.
Done exploring.
No target in view!
Done exploring.
Done exploring.
This is a scroll of acquirement!
Something appears at your feet!
Unknown command.
Welcome back, demibob the Minotaur Chaos Knight.
Game seed: 8226958467842168542 (custom seed) Xom snickers.
Press ? for a list of commands and other information.
Are you sure you want to abandon this character and quit the game? (Confirm with "yes".)

Skill      XL: |  1  2  3 |
---------------+----------+-----
Long Blades    | 4 5 6 |  6.6
Fighting       | |  3.6
Armour         | |  2.4
Dodging        | |  1.1

Action                     |  1- 3 |  4- 6 || total
---------------------------+-------+-------++-------
  Melee: Falchion          |    79 |    33 ||   112
         Headbutt          |     9 |     4 ||    13
    Use: Scroll            |       |     1 ||     1
   Stab: Paralysed         |     2 |       ||     2
         Sleeping          |     1 |       ||     1
 Armour: Leather armour    |    67 |    10 ||    77
  Dodge: Dodged            |    75 |    20 ||    95

Levels and vault maps discovered:
D:1:      psy_arrival_statuary, layout_rooms
D:2:      layout_basic, uniq_robin

Notes
Turn   | Place    | Note
-------+----------+-------------------------------------------
     0 | D:1      | demibob the Minotaur Chaos Knight began the quest for the
                  | Orb.
     0 | D:1      | Reached XP level 1. HP: 19/19 MP: 0/0
    91 | D:1      | Reached skill level 4 in Long Blades
    91 | D:1      | Reached XP level 2. HP: 20/26 MP: 1/1
   127 | D:1      | XOM: potion effect (attraction)
   147 | D:1      | XOM: 1-stop teleportation journey
   151 | D:1      | Reached skill level 5 in Long Blades
   156 | D:1      | Reached XP level 3. HP: 14/31 MP: 2/2
   166 | D:1      | XOM: scenery: summon butterflies
   422 | D:1      | XOM: give mutations
   422 | D:1      | Gained mutation: Your muscles are strong. (Str +4, Int/Dex
                  | -1) [Xom's grace]
   422 | D:1      | Gained mutation: Your flesh is cold resistant. (rC+) [Xom's
                  | grace]
   422 | D:1      | Gained mutation: You expend magic power (3 MP) to
                  | strengthen your wands. [Xom's grace]
   559 | D:2      | Noticed Robin
   629 | D:2      | Killed Robin
   630 | D:2      | Reached skill level 6 in Long Blades
   630 | D:2      | Reached XP level 4. HP: 18/39 MP: 3/3
   783 | D:2      | XOM: cast spell 'Metabolic Englaciation'
  1283 | D:2      | Identified 2 scrolls of acquirement
  1283 | D:2      | Acquired a +2 antimagic demon blade
  1284 | D:2      | Quit the game

Vanquished Creatures
  Robin (D:2)
  2 adders (D:2)
  A gnoll (D:1)
  2 worms (D:2)
  5 ball pythons
  2 bats (D:1)
  4 endoplasms
  14 goblins
  6 hobgoblins
  11 jackals
  3 quokkas
  A frilled lizard (D:2)
  2 kobolds (D:1)
  8 rats
62 creatures vanquished.

Table legend: (Time is in decaauts)
 A = Elapsed time spent in this place.
 B = Non-inter-level travel time spent in this place.
 C = Inter-level travel time spent in this place.
 D = Time resting spent in this place.
 E = Time spent auto-exploring this place.
 F = Levels seen in this place.
 G = Mean time per level.
                   A        B        C        D        E       F      G
               +--------+--------+--------+--------+--------+-----+--------+
         Total |   1287 |   1281 |      6 |      0 |   1045 |   2 |  643.5 |
       Dungeon |   1287 |   1281 |      6 |      0 |   1045 |   2 |  643.5 |
               +--------+--------+--------+--------+--------+-----+--------+

Top non-repeatable levels by time:
     D:2: 855 daAuts
     D:1: 432 daAuts

Table legend:
 A = Non-vault XP
 B = Vault XP
 C = Vault XP percentage of total XP
 D = Non-vault monster count
 E = Vault monster count
 F = Vault count percentage of total count
                 A         B        C        D         E       F
            +---------+---------+-------+---------+---------+-------
      Total |     127 |      34 |  21.1 |      50 |      12 |  19.4
            +---------+---------+-------+---------+---------+-------
        D:1 |      56 |       0 |   0.0 |      26 |       0 |   0.0
        D:2 |      71 |      34 |  32.4 |      24 |      12 |  33.3
            +---------+---------+-------+---------+---------+-------
